 Dungeon Crawl Stone Soup version 0.27.0-1-g7a089689b8 (webtiles) character file.

Game seed: 16568298126066795242

32 SkeletonJelly the Slasher (level 3, 0/29 HPs)
             Began as a Human Monk on Aug 15, 2021.
             Was an Initiate of Gozag.
             Succumbed to a kobold's poison
             ... on level 1 of the Dungeon.
             The game lasted 00:02:17 (477 turns).

SkeletonJelly the Slasher (Human Monk)               Turns: 477, Time: 00:02:18

Health: 0/29       AC:  2    Str: 11    XL:     3   Next: 45%
Magic:  3/3        EV: 13    Int: 10    God:    Gozag
Gold:   105        SH:  0    Dex: 16    Spells: 2/2 levels left

rFire    . . .     SeeInvis .   a - +0 falchion
rCold    + . .     Faith    .   (no shield)
rNeg     . . .     Spirit   .   b - +0 robe
rPois    .         Reflect  .   (no helmet)
rElec    .         Harm     .   (no cloak)
rCorr    .         Rampage  .   (no gloves)
Will     .....                  (no boots)
Stlth    ++........             (no amulet)
HPRegen  0.09/turn              c - ring of protection from cold
MPRegen  0.08/turn              (no ring)

@: lethally poisoned (0 -> -2)
A: no striking features
a: Renounce Religion, Potion Petition, Call Merchant, Bribe Branch


You were on level 1 of the Dungeon.
You worshipped Gozag.
Gozag was aware of your devotion.
You visited 1 branch of the dungeon, and saw 1 of its levels.

You collected 105 gold pieces.

Inventory:

Hand Weapons
 a - a +0 falchion (weapon)
Armour
 b - a +0 robe (worn)
Jewellery
 c - a ring of protection from cold (left hand)
Scrolls
 d - a scroll of amnesia {unknown}
 e - a scroll of teleportation {unknown}


   Skills:
 - Level 3.0 Fighting
 + Level 4.3 Long Blades
 - Level 3.0 Dodging
 - Level 2.0 Stealth


You had 2 spell levels left.
You didn't know any spells.
Your spell library was empty.

Dungeon Overview and Level Annotations

Branches:
Dungeon (1/15)

Altars:
Gozag


Message History

A bat comes into view.
Found 10 gold pieces.
You closely miss the ball python.
The ball python bites you but does no damage.
The ball python barely misses you. The ball python bites you.
The ball python barely misses you.
The goblin shouts!
A jackal comes into view. x2
The bat misses you.
The bat is distracted by your dazzling golden aura.
The goblin is distracted by your dazzling golden aura.
The bat is no longer distracted by gold.
The ball python barely misses you.
You riposte.
You barely miss the ball python. The ball python grabs you.
The ball python constricts you.
You escape the ball python's grasp.
The bat hits you but does no damage. The bat barely misses you.
You closely miss the bat. The bat hits you but does no damage.
You barely miss the bat. The bat hits you but does no damage.
The bat misses you.
You barely miss the bat. The bat hits you but does no damage.
The bat closely misses you.
You riposte.
You hit the bat.
You kill the bat!
You hit the ball python.
You kill the ball python!
No target in view!
No target in view!
No target in view!
No target in view!
No target in view!
No target in view!
No target in view!
No target in view!
No target in view!
No target in view!
No target in view!
No target in view!
No target in view!
No target in view!
No target in view!
No target in view!
No target in view!
No target in view!
No target in view!
No target in view!
No target in view!
No target in view!
No target in view!
No target in view!
No target in view!
No target in view!
No target in view!
You now have 105 gold pieces (gained 10).
A goblin is nearby!
The kobold shouts!
The goblin shouts!
The kobold shouts!
The goblin hits you with a +0 dagger.
You closely miss the goblin. The goblin closely misses you.
You riposte.
You hit the goblin.
You kill the goblin!
You hit the kobold.
The kobold is moderately wounded.
The kobold closely misses you.
You riposte.
You barely miss the kobold.
The kobold is moderately wounded.
You slash the kobold!
You kill the kobold!
You miss the kobold.
The kobold hits you with a +2 short sword of venom.
You are poisoned.
You completely miss the kobold.
You feel very sick. The kobold misses you.
You riposte.
You hit the kobold but do no damage.
The kobold hits you with a +2 short sword of venom.
You are lethally poisoned!
You hit the kobold.
You kill the kobold!
You feel very sick.
You are too injured to fight recklessly!
You are too injured to fight recklessly!
You are too injured to fight recklessly!
You are too injured to fight recklessly!
You aren't carrying any potions.
You feel very sick.
Things that are here:
6 gold pieces; a +2 short sword of venom
* * * LOW HITPOINT WARNING * * *
You feel sick.
* * * LOW HITPOINT WARNING * * *
You feel sick.
* * * LOW HITPOINT WARNING * * *
You feel sick.
* * * LOW HITPOINT WARNING * * *
You feel sick.
* * * LOW HITPOINT WARNING * * *
You feel sick.
* * * LOW HITPOINT WARNING * * *
You feel sick.
You die...
Your body crumbles into a pile of gold.

#.....# ##.# ..###.#
#..# ......# ##.##
....... ##. #..#
.###### ##..##########
#.## .# #......#.....##
##.## ##
..............## #...#
#
.......!...$...####...#
#
......>.@......$......#
###
...............####...#
..
...............####...#
#
.>..........$.....#####
# .............$....#
.....>....$.......#
.(.....#..........#
.....######.........
..... #.......###


There were no monsters in sight!

Vanquished Creatures
  A dart slug (D:1)
  2 endoplasms (D:1)
  3 giant cockroaches (D:1)
  2 goblins (D:1)
  6 jackals (D:1)
  5 kobolds (D:1)
  2 ball pythons (D:1)
  3 bats (D:1)
  2 frilled lizards (D:1)
26 creatures vanquished.

Notes
Turn   | Place    | Note
-------+----------+-------------------------------------------
     0 | D:1      | SkeletonJelly the Human Monk began the quest for the Orb.
     0 | D:1      | Reached XP level 1. HP: 18/18 MP: 1/1
    61 | D:1      | Found a faded altar of an unknown god.
    94 | D:1      | Became a worshipper of Gozag Ym Sagoz the Greedy
   142 | D:1      | Reached XP level 2. HP: 24/24 MP: 2/2
   221 | D:1      | Reached skill level 4 in Long Blades
   221 | D:1      | Reached XP level 3. HP: 18/29 MP: 3/3
   476 | D:1      | HP: 1/29 [poisoned by a kobold]
   477 | D:1      | Succumbed to a kobold's poison

Illustrated notes

Levels and vault maps discovered:
D:1:      scummos_arrival_simple_fountains, layout_rooms,
          chequers_ecumenical_altar_twisty, corexii_hall_statues_l

Skill      XL: |  1  2 |
---------------+-------+-----
Long Blades    | 4 |  4.3
Fighting       | |  3.0
Dodging        | |  3.0
Stealth        | |  2.0

Action                   || total
-------------------------++-------
Melee: Falchion          ||    59
 Stab: Sleeping          ||     3
Armor: Robe              ||    17
Dodge: Dodged            ||    53
       Rpst.: Falchion   ||    18
